 Dungeon Crawl Stone Soup version 0.28-a0-751-gef3a642a4e (webtiles) character file.

Game seed: 13328578745424471482

2090 spiderkeys the Skirmisher (level 9, -8/56 HPs)
             Began as a Gargoyle Abyssal Knight on Oct 31, 2021.
             Was a Priest of Lugonu.
             Mangled by a gnoll sergeant (17 damage)
             ... on level 7 of the Dungeon.
             The game lasted 00:07:56 (5783 turns).

spiderkeys the Skirmisher (Gargoyle Abyssal Knight) Turns: 5783, Time: 00:07:56

Health: -8/56      AC: 22    Str: 20    XL:     9   Next: 27%
Magic:  13/13      EV: 10    Int: 15    God:    Lugonu [***...]
Gold:   238        SH:  5    Dex: 12    Spells: 5/8 levels left

rFire   . . .      SeeInvis .   b - +6 hunting sling "Carimuil" {vorpal, rC+ Int+4 Dex+2}
rCold   + . .      Faith    .   d - +0 buckler
rNeg    + . .      Spirit   .   y - +1 scale mail {rPois}
rPois   ∞          Reflect  .   f - +1 helmet
rElec   +          Harm     .   (no cloak)
rCorr   .          Rampage  .   j - +0 pair of gloves
Will    .....                   (no boots)
Stlth   ..........              (no amulet)
HPRegen 0.18/turn               O - +4 ring of protection
MPRegen 0.13/turn               (no ring)

@: no status effects
A: sickness immunity, AC +6, negative energy resistance 1, electricity
resistance, torment resistance 1, petrification resistance
a: Renounce Religion, Depart the Abyss, Bend Space, Banish


You were on level 7 of the Dungeon.
You worshipped Lugonu.
Lugonu was most pleased with you.
You visited 1 branch of the dungeon, and saw 7 of its levels.
You visited the Abyss 1 time.

You collected 238 gold pieces.


Innate Abilities, Weirdness & Mutations

You are immune to sickness and miasma.
Your stone body is resilient. (AC +6)
You are immune to poison.
You resist negative energy. (rN+)
You are resistant to electric shocks. (rElec)
You are resistant to unholy torment.
You are immune to petrification.


   Skills:
 + Level 6.6 Fighting
 + Level 5.6 Maces & Flails
 + Level 6.2 Armour
 - Level 0.7 Dodging
 + Level 5.6 Shields
 + Level 6.1 Invocations


You had 5 spell levels left.
You knew the following spells:

 Your Spells              Type           Power      Damage    Failure   Level
w - Stone Arrow           Conj/Erth      0%         3d7       91%         3

Your spell library contained the following spells:

 Spells                   Type           Power      Damage    Failure   Level
 Ignite Poison            Fire/Tmut/Pois 0%         N/A       91%         3
 Mephitic Cloud           Conj/Pois/Air  0%         N/A       91%         3
 Animate Armour           Summ/Erth      0%         N/A       100%        4
 Freezing Cloud           Conj/Ice/Air   0%         6-21      100%        5
 Summon Forest            Summ/Tloc      0%         N/A       100%        5
 Eringya's Noxious Bog    Tmut/Pois      0%         N/A       100%        6
 Summon Hydra             Summ           0%         N/A       100%        7
 Lehudib's Crystal Spear  Conj/Erth      0%         10d2      100%        8

Inventory:

Hand Weapons
 a - a +2 mace
 b - the +6 hunting sling "Carimuil" (weapon) {vorpal, rC+ Int+4 Dex+2}
   (You found it on level 2 of the Abyss)

   Any ammunition fired from it inflicts extra damage upon your enemies.
   Int:       It affects your intelligence (+4).
   Dex:       It affects your dexterity (+2).
   rC:        It protects you from cold.
 B - a +3 flail of protection
   (You took it off Edmund on level 6 of the Dungeon)
Missiles
 g - 273 stones (quivered ammo)
 h - 78 bolts
 l - 7 poisoned darts
 n - 21 sling bullets
 A - 82 arrows
Armour
 c - a +0 leather armour
 d - a +0 buckler (worn)
   (You found it on level 1 of the Dungeon)
 f - a +1 helmet (worn)
   (You took it off Robin on level 2 of the Dungeon)
 j - a +0 pair of gloves (worn)
   (You found it on level 1 of the Dungeon)
 m - a +0 scale mail
   (You found it on level 2 of the Dungeon)
 p - a +0 kite shield
   (You found it on level 3 of the Dungeon)
 y - a +1 scale mail of poison resistance (worn)
   (You took it off Duvessa on level 5 of the Dungeon)
 z - the +1 scale mail of Objectivity {rC- rCorr Str+3 Int+2}
   (You found it on level 5 of the Dungeon)

   Str:       It affects your strength (+3).
   Int:       It affects your intelligence (+2).
   rC:        It makes you vulnerable to cold.
   rCorr:     It protects you from acid and corrosion.
Jewellery
 O - a +4 ring of protection (left hand)
   (You found it on level 2 of the Dungeon)
Wands
 o - a wand of polymorph (2)
   (You took it off Ijyb on level 3 of the Dungeon)
 u - a wand of flame (3)
   (You found it on level 4 of the Dungeon)
Scrolls
 i - 2 scrolls of amnesia
 s - a scroll of brand weapon
 C - a scroll of identify {@r1}
 F - a scroll of teleportation {@r4}
Potions
 e - 6 potions of curing {unknown}
 k - a potion of invisibility {unknown}
 q - a potion of degeneration {unknown}
 r - a potion of magic {unknown}
 t - a potion of might {unknown}
 v - 2 potions of cancellation {unknown}
 w - a potion of haste {unknown}
 x - a potion of lignification {unknown}
 D - a potion of heal wounds {unknown}
 E - a potion of brilliance {unknown}

Dungeon Overview and Level Annotations

Branches:
Dungeon (7/15)             Temple (0/1) D:4

Altars:
Cheibriados
Fedhas
Uskayaw
Wu Jian
Zin

Shops:
D:3 ?   D:4 :   D:6 =

Annotations:
D:6 2 transporters, BigDaddyOpFi's ghost, novice HOFi

...#.....#.......#...#...........
...#.....#.......#...#...........
.###....##.......##..#...........
.###....#.....#####..#...........
........#.....#......#...........
........#.....#..)...#...........
.##'#####.....#.gg...#.....######
.#............#(gg...#
##............##@##..#
............ #..#####
............ #...# ............
#...# ............ #...#
............ #.### #######....#
### ..#...#....+ ..#...# ...


You could see a gnoll sergeant and 3 gnolls.


Message History

2 gnolls and a gnoll sergeant come into view.
The gnoll sergeant is wielding a +1 spear of distortion.
The gnoll sergeant shouts!
The gnoll shouts!
A gnoll comes into view. It is wielding a +0 halberd.
There is an open door here.
You shoot a stone.
The stone barely misses the gnoll sergeant.
The gnoll shouts!
The stone hits the gnoll but does no damage.
You shoot a stone. The stone hits the gnoll sergeant.
You shoot a stone.
The stone closely misses the gnoll sergeant.
The stone closely misses the gnoll.
A gnoll comes into view. It is wielding a +0 flail.
You block the gnoll sergeant's attack. The gnoll hits you but does no damage.
You block the gnoll's attack.
You shoot a stone. The gnoll shouts!
The stone hits the gnoll sergeant but does no damage.
The gnoll sergeant hits you from afar with a +1 spear of distortion!
Space warps around you. The gnoll hits you but does no damage.
You block the gnoll's attack.
The gnoll sergeant completely misses you. 😮 HP[-14]
You take 14 damage, and now have 42/56 hp.
MASSIVE DAMAGE!! (PAUSE) 😕 HP[+1]
There is an open door here.
Fire: 274 stones
Press: ? - help, Q - select action, (/) - cycle Shift-Dir - straight line, f/p - gnoll sergeant
Aim: a gnoll sergeant, wielding a +1 spear of distortion, wearing a +0 scale mail and wearing a +0 buckler (lightly wounded, 73% to hit)
You shoot a stone. The stone completely misses the gnoll.
The stone barely misses the gnoll sergeant.
The gnoll hits you from afar with a +0 halberd! 😮 HP[-8]
You take 8 damage, and now have 35/56 hp. 😮 HP[+1] 😮 HP[+1] Fire: 273 stones
Press: ? - help, Q - select action, (/) - cycle Shift-Dir - straight line, f/p - gnoll sergeant
Aim: a gnoll sergeant, wielding a +1 spear of distortion, wearing a +0 scale mail and wearing a +0 buckler (lightly wounded, 73% to hit)
Okay, then.
Aiming: Throw Flame
Press: ? - help, Shift-Dir - straight line, f - gnoll, p - gnoll sergeant
Aim: a gnoll, wielding a +0 halberd (72% to hit)
The puff of flame hits the gnoll!
The gnoll misses you.
Aiming: Throw Flame
Press: ? - help, Shift-Dir - straight line, f/p - gnoll
Aim: a gnoll, wielding a +0 halberd (severely wounded, 72% to hit)
The puff of flame hits the gnoll!
You kill the gnoll!
Lugonu accepts your kill.
Aiming: Throw Flame
Press: ? - help, Shift-Dir - straight line, f - gnoll sergeant
Aim: a gnoll sergeant, wielding a +1 spear of distortion, wearing a +0 scale mail and wearing a +0 buckler (lightly wounded, 77% to hit)
The puff of flame hits the gnoll sergeant.
Aiming: Throw Flame
Press: ? - help, Shift-Dir - straight line, f/p - gnoll sergeant
Aim: a gnoll sergeant, wielding a +1 spear of distortion, wearing a +0 scale mail and wearing a +0 buckler (moderately wounded, 77% to hit)
The puff of flame hits the gnoll sergeant!
Aiming: Throw Flame
Press: ? - help, Shift-Dir - straight line, f/p - gnoll sergeant
Aim: a gnoll sergeant, wielding a +1 spear of distortion, wearing a +0 scale mail and wearing a +0 buckler (heavily wounded, 77% to hit)
The puff of flame hits the gnoll sergeant.
The gnoll sergeant hits you from afar with a +1 spear of distortion.
Space warps horribly around you!
* * * LOW HITPOINT WARNING * * *
😨 HP[-14]
You take 14 damage, and now have 23/56 hp.
MASSIVE DAMAGE!! (PAUSE)
Aiming: Throw Flame
Press: ? - help, Shift-Dir - straight line, f/p - gnoll sergeant
Aim: a gnoll sergeant, wielding a +1 spear of distortion, wearing a +0 scale mail and wearing a +0 buckler (severely wounded, 77% to hit)
The puff of flame hits the gnoll sergeant.
The gnoll sergeant hits you but does no damage.
Space warps around you.
* * * LOW HITPOINT WARNING * * *
😨 HP[-4]
You take 4 damage, and now have 19/56 hp.
Aiming: Throw Flame
Press: ? - help, Shift-Dir - straight line, f/p - gnoll sergeant
Aim: a gnoll sergeant, wielding a +1 spear of distortion, wearing a +0 scale mail and wearing a +0 buckler (severely wounded, 77% to hit)
The puff of flame hits the gnoll sergeant.
The gnoll sergeant barely misses you.
The gnoll throws a throwing net.
The throwing net barely misses you.
Aiming: Throw Flame
Press: ? - help, Shift-Dir - straight line, f/p - gnoll sergeant
Aim: a gnoll sergeant, wielding a +1 spear of distortion, wearing a +0 scale mail and wearing a +0 buckler (almost dead, 77% to hit)
The gnoll sergeant blocks the puff of flame.
The gnoll sergeant hits you from afar with a +1 spear of distortion.
* * * LOW HITPOINT WARNING * * *
Space warps around you.
* * * LOW HITPOINT WARNING * * *
The gnoll barely misses you. 😱 HP[-7]
You take 7 damage, and now have 12/56 hp.
The gnoll sergeant hits you from afar with a +1 spear of distortion.
* * * LOW HITPOINT WARNING * * *
Space warps horribly around you!
You die...

Skill      XL: |  1  2  3  4  5  6  7  8  9 |
---------------+----------------------------+-----
Shields        | 1 2 3 4 5 |  5.6
Fighting       | 4 5 6 |  6.6
Maces & Flails | 3 4 5 |  5.6
Armour         | 3 4 5 6 |  6.2
Invocations    | 3 4 5 6 |  6.1
Dodging        | |  0.7

Action                   |  1- 3 |  4- 6 |  7- 9 || total
-------------------------+-------+-------+-------++-------
Melee: Mace              |     2 |       |       ||     2
 Fire: Hunting sling     |    51 |    87 |   195 ||   333
Invok: Depart the Abyss  |     1 |       |       ||     1
Evoke: Wand              |       |       |     8 ||     8
  Use: Scroll            |     5 |       |     4 ||     9
Armor: Leather armour    |     5 |       |       ||     5
       Scale mail        |       |    12 |    68 ||    80
Dodge: Dodged            |     6 |     7 |    50 ||    63
Block: Buckler           |     2 |     2 |    23 ||    27

Levels and vault maps discovered:
D:1:      scummos_arrival_star, layout_loops_ring,
          chequers_ecumenical_altar_simple_redux
D:2:      layout_basic, corner_web_ring, uniq_sigmund, uniq_robin
D:3:      kennysheep_goblin_castle, layout_rooms,
          gammafunk_temple_overflow_forgotten, mainiacjoe_overflow_tiny_flanked,
          serial_shops, shop, minmay_misc_feat_rows, minmay_misc_feat_tower,
          uniq_terence, uniq_jessica
D:4:      layout_loops_ring, cheibriados_altar_1,
          minmay_temple_entry_sparse_star, serial_shops, shop,
          minmay_misc_feat_tiny, amethyst_killhole
D:5:      layout_loops_cross, uniq_duvessa
D:6:      layout_basic, gammafunk_ghost_stat_death, serial_shops,
          nicolae_square_shop, minmay_crystal_room, uniq_edmund
D:7:      layout_gridville

Notes
Turn   | Place    | Note
-------+----------+-------------------------------------------
     0 | Abyss:1  | spiderkeys the Gargoyle Abyssal Knight began the quest for
                  | the Orb.
     0 | Abyss:1  | Reached XP level 1. HP: 14/14 MP: 2/2
     0 | Abyss:1  | magus.rc [v1.9.10]
    20 | Abyss:2  | Identified the +6 hunting sling "Carimuil" {vorpal, rC+
                  | Int+4 Dex+2}
    36 | Abyss:2  | You add the spells Summon Forest, Eringya's Noxious Bog and
                  | Summon Hydra to your library.
    42 | Abyss:2  | Noticed a wretched star
    44 | D:1      | You pass through the gate.
    44 | D:1      | Escaped the Abyss
    97 | D:1      | Found a faded altar of an unknown god.
   228 | D:1      | Reached XP level 2. HP: 19/19 MP: 3/3
   687 | D:2      | Reached * piety under Lugonu
   749 | D:2      | Noticed Robin
   756 | D:2      | Reached skill level 1 in Shields
   756 | D:2      | Killed Robin
   757 | D:2      | Reached XP level 3. HP: 17/23 MP: 4/4
   930 | D:2      | Noticed Sigmund
   935 | D:2      | Killed Sigmund
   936 | D:2      | Reached skill level 4 in Fighting
   936 | D:2      | Reached skill level 3 in Maces & Flails
   936 | D:2      | Reached skill level 3 in Armour
   936 | D:2      | Reached skill level 2 in Shields
   936 | D:2      | Reached skill level 3 in Invocations
   936 | D:2      | Reached XP level 4. HP: 18/29 MP: 4/6
   936 | D:2      | Reached XP level 5. HP: 21/33 MP: 4/7
  1713 | D:2      | You add the spells Ignite Poison, Mephitic Cloud and
                  | Freezing Cloud to your library.
  1988 | D:3      | Noticed Terence
  1993 | D:3      | Killed Terence
  1994 | D:3      | Reached XP level 6. HP: 30/38 MP: 8/8
  2081 | D:3      | Found Vilel's Magic Scroll Boutique.
  2111 | D:3      | Noticed Jessica
  2146 | D:3      | Killed Jessica
  2222 | D:3      | Reached ** piety under Lugonu
  2281 | D:3      | Noticed Ijyb
  2289 | D:3      | Killed Ijyb
  2342 | D:3      | You pick up a book of Armaments and begin reading...
  2342 | D:3      | You add the spells Stone Arrow, Animate Armour and
                  | Lehudib's Crystal Spear to your library.
  2436 | D:3      | Learned a level 3 spell: Stone Arrow
  2549 | D:3      | Found a blossoming altar of Fedhas.
  2549 | D:3      | Found a hide-covered altar of Uskayaw.
  2549 | D:3      | Found a glowing silver altar of Zin.
  2674 | D:3      | Found an ornate altar of the Wu Jian Council.
  2781 | D:4      | Found a snail-covered altar of Cheibriados.
  2784 | D:4      | Reached skill level 3 in Shields
  2934 | D:4      | Found Agoyched's Book Shoppe.
  3134 | D:4      | Found a staircase to the Ecumenical Temple.
  3148 | D:4      | Reached skill level 4 in Armour
  3148 | D:4      | Reached XP level 7. HP: 44/44 MP: 9/9
  3383 | D:4      | Reached skill level 4 in Invocations
  3570 | D:5      | Entered Level 5 of the Dungeon
  3574 | D:5      | Reached skill level 5 in Fighting
  3589 | D:5      | Reached skill level 4 in Maces & Flails
  3711 | D:5      | Noticed Duvessa
  3711 | D:5      | Noticed Dowan
  3728 | D:5      | Killed Duvessa
  3729 | D:5      | Reached skill level 4 in Shields
  3729 | D:5      | Reached XP level 8. HP: 33/50 MP: 11/11
  3735 | D:5      | Killed Dowan
  3926 | D:5      | Identified the +1 scale mail of Objectivity {rC- rCorr
                  | Str+3 Int+2}
  4219 | D:5      | Reached skill level 5 in Armour
  4401 | D:5      | Reached skill level 5 in Invocations
  4751 | D:6      | Reached skill level 6 in Fighting
  4751 | D:6      | Reached skill level 5 in Maces & Flails
  4754 | D:6      | Reached *** piety under Lugonu
  4768 | D:6      | Noticed Edmund
  4783 | D:6      | Killed Edmund
  4784 | D:6      | Reached skill level 5 in Shields
  4857 | D:6      | Found Beunliyt's Jewellery Boutique.
  4901 | D:6      | Found a transporter.
  4920 | D:6      | Noticed BigDaddyOpFi's ghost (novice HOFi)
  4934 | D:6      | Found a transporter.
  4965 | D:6      | Reached XP level 9. HP: 55/55 MP: 13/13
  5430 | D:7      | Reached skill level 6 in Armour
  5516 | D:7      | Reached skill level 6 in Invocations
  5782 | D:7      | HP: 12/56 [gnoll sergeant (6)]
  5783 | D:7      | Mangled by a gnoll sergeant

Vanquished Creatures
  Sigmund (D:2)
  Edmund (D:6)
  Duvessa (D:5)
  2 ice beasts
  A hornet zombie (D:7)
  A sky beast (D:6)
  A necrophage (D:4)
  2 ogres
  A centaur (D:7)
  3 scorpions
  A wyvern skeleton (D:7)
  Dowan (D:5)
  A water moccasin skeleton (D:4)
  A howler monkey (D:6)
  A centaur zombie (D:5)
  2 hounds (D:5)
  2 orc priests
  A bullfrog skeleton (D:6)
  3 centaur skeletons
  Jessica (D:3)
  An iguana (D:7)
  3 orc wizards
  Ijyb (D:3)
  Terence (D:3)
  Robin (D:2)
  A gnoll (D:7)
  A howler monkey skeleton (D:5)
  6 adders
  2 shadow imps (D:5)
  A white imp (D:6)
  An adder skeleton (D:4)
  2 worms (D:2)
  4 dart slugs
  13 orcs
  4 ball pythons
  3 endoplasms
  3 giant cockroaches
  17 goblins
  8 hobgoblins
  5 jackals
  2 bats
  A frilled lizard (D:3)
  A kobold (D:1)
  3 rats
113 creatures vanquished.

Table legend:
 A = Non-vault XP
 B = Vault XP
 C = Vault XP percentage of total XP
 D = Non-vault monster count
 E = Vault monster count
 F = Vault count percentage of total count
                 A         B        C        D         E       F
            +---------+---------+-------+---------+---------+-------
      Total |    2214 |     772 |  25.9 |      83 |      30 |  26.5
            +---------+---------+-------+---------+---------+-------
        D:1 |      19 |       0 |   0.0 |      11 |       0 |   0.0
        D:2 |      29 |     258 |  89.9 |      10 |      13 |  56.5
        D:3 |      74 |     127 |  63.2 |      14 |      14 |  50.0
        D:4 |     323 |       0 |   0.0 |      11 |       0 |   0.0
        D:5 |     546 |     216 |  28.3 |      13 |       2 |  13.3
        D:6 |     683 |     171 |  20.0 |      17 |       1 |   5.6
        D:7 |     540 |       0 |   0.0 |       7 |       0 |   0.0
            +---------+---------+-------+---------+---------+-------

Illustrated notes

Table legend:
 A = Kills in this place as a percentage of kills in entire the game.
 B = Kills by you in this place as a percentage of kills by you in the entire game.
 C = Kills by friends in this place as a percentage of kills by friends in the entire game.
 D = Other kills in this place as a percentage of other kills in the entire game.
 E = Experience gained in this place as a percentage of experience gained in the entire game.
 F = Experience gained in this place divided by the number of levels of this place that you have seen.
                   A       B       C       D       E      F
               +-------+-------+-------+-------+-------+----------------------
         Total | 100.0 | 100.0 |   N/A |   N/A | 100.0 | 331.8
       Dungeon | 100.0 | 100.0 |   N/A |   N/A | 100.0 | 426.6
               +-------+-------+-------+-------+-------+----------------------

Table legend: (Time is in decaauts)
 A = Elapsed time spent in this place.
 B = Non-inter-level travel time spent in this place.
 C = Inter-level travel time spent in this place.
 D = Time resting spent in this place.
 E = Time spent auto-exploring this place.
 F = Levels seen in this place.
 G = Mean time per level.
                   A        B        C        D        E       F      G
               +--------+--------+--------+--------+--------+-----+--------+
         Total |   5852 |   5552 |    300 |    100 |   4632 |   9 |  650.2 |
       Dungeon |   5808 |   5508 |    300 |    100 |   4629 |   7 |  829.7 |
         Abyss |     43 |     43 |      0 |      0 |      3 |   2 |   21.5 |
               +--------+--------+--------+--------+--------+-----+--------+

Top non-repeatable levels by time:
     D:2: 1355 daAuts
     D:5: 1003 daAuts
     D:6: 853 daAuts
     D:4: 818 daAuts
     D:3: 803 daAuts
     D:1: 583 daAuts
     D:7: 391 daAuts
 Abyss:2: 31 daAuts
 Abyss:1: 12 daAuts
